 Dungeon Crawl Stone Soup version 0.31-a0-859-g9dce7d3444 (webtiles) character file.

Game seed: 6511396123367361050

31 Azuregosa the Magician (level 3, -6/25 HPs)
             Began as a Djinni Air Elementalist on Oct 9, 2023.
             Mangled by Sigmund
             ... wielding a +3 scythe of flaming
              (12 damage)
             ... on level 2 of the Dungeon.
             The game lasted 00:08:52 (1101 turns).

Azuregosa the Magician (Djinni Air Elementalist)    Turns: 1101, Time: 00:08:53

Health: -6/25      AC:  2    Str:  7    XL:     3   Next: 40%
Gold:   30         EV: 12    Int: 18    God:
                   SH:  0    Dex: 13

rFire   + + .        b - +0 spear
rCold   x . .        (no shield)
rNeg    . . .        a - +0 robe
rPois   ∞            (no helmet)
rElec   .            (no cloak)
rCorr   .            (no gloves)
SInv    .            (boots unavailable)
Will    .....        (no amulet)
Stlth   ++           (no ring)
HPRegen 0.24/turn    (no ring)
MPRegen 0.00/turn

%: infuse magic (-7 HP)
@: flying
A: sickness immunity, fire resistance 2, cold vulnerability 1, float, innate
caster, HP casting, extra vitality 1
a: no special abilities


You were on level 2 of the Dungeon.
You visited 1 branch of the dungeon, and saw 2 of its levels.

You collected 30 gold pieces.

Inventory:

Hand Weapons
 b - a +0 spear (weapon)
 f - a +0 falchion
 g - a +0 mace
 h - a +2 short sword of speed
Missiles
 j - 6 poisoned darts
 l - 6 javelins
Armour
 a - a +0 robe (worn)
Talismans
 k - a beast talisman
Scrolls
 c - a scroll of identify {unknown}
 e - 2 scrolls of immolation {unknown}
Potions
 d - a potion of ambrosia {unknown}
 i - a potion of curing {unknown}


   Skills:
 - Level 2.1 Dodging
 - Level 1.5 Stealth
 + Level 3.7 Spellcasting
 + Level 3.7 Conjurations
 + Level 3.7 Hexes
   Level 0.0 Charms
 + Level 3.7 Summonings
 + Level 3.7 Necromancy
 + Level 3.7 Translocations
 + Level 3.7 Transmutations
 + Level 3.7 Fire Magic
 + Level 3.7 Ice Magic
 + Level 3.7 Air Magic
 + Level 3.7 Earth Magic
 + Level 3.7 Poison Magic


You knew the following spells:

 Your Spells              Type           Power      Damage    Failure   Level
a - Shock                 Conj/Air       64%        1d7       3%          1
b - Static Discharge      Conj/Air       32%        2-4/arc   4%          2
c - Swiftness             Air            16%        N/A       10%         3
d - Airstrike             Air            8%         2d(2-18)  32%         4
e - Sandblast             Erth           32%        2d9       3%          1
Your spell library was empty.

Dungeon Overview and Level Annotations

Branches:
Dungeon (2/15)

Altars:

Annotations:
D:2 Sigmund


Innate Abilities, Weirdness & Mutations

You are immune to sickness and miasma.
You are immune to poison.
Your flesh is very heat resistant. (rF++)
You are vulnerable to cold. (rC-)
You float through the air rather than walking.
You learn spells naturally, not from books.
Your magical power is your life essence.
You have superior vitality. (+4 MHP)


Message History

Casting: Sandblast (safe; 3% risk of failure)
Confirm with . or Enter, or press ? or * to list all spells.
You can't see any susceptible monsters within range! (Use Z to cast anyway.) Unknown command.
Casting: Sandblast (safe; 3% risk of failure)
Confirm with . or Enter, or press ? or * to list all spells.
Aiming: Sandblast (safe; 3% risk of failure)
Press: ? - help, Shift-Dir - straight line, f - Sigmund
Aim: Sigmund, wielding a +3 scythe of flaming and wearing a +0 robe (80% to hit)
The blast of sand hits Sigmund.
Sigmund is lightly wounded.
Casting: Sandblast (safe; 3% risk of failure)
Confirm with . or Enter, or press ? or * to list all spells.
Aiming: Sandblast (safe; 3% risk of failure)
Press: ? - help, Shift-Dir - straight line, f/p - Sigmund
Aim: Sigmund, wielding a +3 scythe of flaming and wearing a +0 robe (lightly wounded, 80% to hit)
The blast of sand hits Sigmund.
Sigmund is lightly wounded.
Sigmund barely misses you.
Casting: Sandblast (safe; 3% risk of failure)
Confirm with . or Enter, or press ? or * to list all spells.
Aiming: Sandblast (safe; 3% risk of failure)
Press: ? - help, Shift-Dir - straight line, f/p - Sigmund
Aim: Sigmund, wielding a +3 scythe of flaming and wearing a +0 robe (lightly wounded, 80% to hit)
The blast of sand misses Sigmund.
Sigmund hits you from afar with a +3 scythe of flaming!
* * * LOW HITPOINT WARNING * * *
Sigmund burns you.
* * * LOW HITPOINT WARNING * * *
Casting: Sandblast (safe; 3% risk of failure)
Confirm with . or Enter, or press ? or * to list all spells.
Aiming: Sandblast (safe; 3% risk of failure)
Press: ? - help, Shift-Dir - straight line, f/p - Sigmund
Aim: Sigmund, wielding a +3 scythe of flaming and wearing a +0 robe (lightly wounded, 80% to hit)
The blast of sand hits Sigmund.
Sigmund is moderately wounded.
* * * LOW HITPOINT WARNING * * *
Sigmund hits you from afar with a +3 scythe of flaming!
You die...
Sigmund begins carving another notch in his scythe.

#### ..... ###
#########
......#<###†......#
[.................#
.....###.##.......####
...# #...............#
.# ..............##.#
)...........)...##.#
##.........@....##.#
###............##.#
###...@.#...###.#
............# #.#####
#...........###.....##
###..............<...##
.....#...............#
..#..##..............#
#..............#


You could see Sigmund.

Vanquished Creatures
  2 dart slugs (D:1)
  3 bats (D:1)
  3 endoplasms (D:1)
  3 giant cockroaches
  3 goblins
  2 kobolds (D:1)
  A quokka (D:2)
  3 ball pythons (D:1)
  3 frilled lizards (D:1)
  3 rats
26 creatures vanquished.

Notes
Turn   | Place    | Note
-------+----------+-------------------------------------------
     0 | D:1      | Azuregosa the Djinni Air Elementalist began the quest for
                  | the Orb.
     0 | D:1      | Azuregosa set off with the following spells memorised:
                  | Shock, Static Discharge, Swiftness, Airstrike.
     0 | D:1      | Reached XP level 1. HP: 15/15 MP: 0/0
   324 | D:1      | Reached XP level 2. HP: 10/21 MP: 0/0
   653 | D:1      | Reached XP level 3. HP: 23/25 MP: 0/0
   653 | D:1      | Learned a level 1 spell: Sandblast
  1090 | D:2      | Noticed Sigmund
  1101 | D:2      | Mangled by Sigmund

Illustrated notes

Levels and vault maps discovered:
D:1:      nicolae_arrival_somewhat_less_tricky_arrival, layout_basic
D:2:      minmay_angry_zag, layout_rooms, minmay_unequal, uniq_sigmund,
          uniq_crazy_yiuf_cottage

Skill      XL: | |
---------------+-+-----
Spellcasting   | |  3.7
Conjurations   | |  3.7
Hexes          | |  3.7
Summonings     | |  3.7
Necromancy     | |  3.7
Translocations | |  3.7
Transmutations | |  3.7
Fire Magic     | |  3.7
Ice Magic      | |  3.7
Air Magic      | |  3.7
Earth Magic    | |  3.7
Poison Magic   | |  3.7
Dodging        | |  2.1
Stealth        | |  1.5

Action                     || total
---------------------------++-------
  Melee: Spear             ||     6
   Cast: Shock             ||    29
         Sandblast         ||    13
 Armour: Robe              ||     7
  Dodge: Dodged            ||     9

Table legend: (Time is in decaauts)
 A = Elapsed time spent in this place.
 B = Non-inter-level travel time spent in this place.
 C = Inter-level travel time spent in this place.
 D = Time resting spent in this place.
 E = Time spent auto-exploring this place.
 F = Levels seen in this place.
 G = Mean time per level.
                   A        B        C        D        E       F      G
               +--------+--------+--------+--------+--------+-----+--------+
         Total |   1108 |   1108 |      0 |     50 |    842 |   2 |  554.0 |
       Dungeon |   1108 |   1108 |      0 |     50 |    842 |   2 |  554.0 |
               +--------+--------+--------+--------+--------+-----+--------+

Top non-repeatable levels by time:
     D:1: 1048 daAuts
     D:2: 60 daAuts
